 Dungeon Crawl Stone Soup version 0.26.0-45-g9c1d065592 (webtiles) character file.

Game seed: 13168567280180350230

7204 Hatywr the Basher (level 11, -12/89 HPs)
             Began as a Gnoll Chaos Knight on Jan 31, 2021.
             Was a Plaything of Xom.
             Mangled by a death yak (18 damage)
             ... on level 11 of the Dungeon.
             The game lasted 00:23:41 (9265 turns).

Hatywr the Basher (Gnoll Chaos Knight)              Turns: 9265, Time: 00:23:43

Health: -12/89     AC: 21    Str: 17    XL:     11   Next: 11%
Magic:  20/20      EV:  4    Int: 17    God:    Xom [.....*]
Gold:   1659       SH:  0    Dex: 19    Spells: 13/22 levels left

rFire    . . .     SeeInvis +   f - +9 hand axe "Kafa" {flame, Will+ Int+4 Dex+2}
rCold    . . .     Faith    .   (no shield)
rNeg     . . .     Spirit   .   r - +1 crystal plate armour
rPois    .         Reflect  +   (helmet restricted)
rElec    .         Harm     .   p - +0 cloak
rCorr    .         Rampage  .   (no gloves)
Will     +....                  (no boots)
Stlth    ..........             x - amulet of reflection
HPRegen  0.24/turn              (no ring)
MPRegen  0.17/turn              t - ring of see invisible

@: confused, attractive, very slightly contaminated, invisible
A: distributed training, antennae 1, fangs 2, hooves 1, large bone plates 1,
agile 1, blurry vision 2, dopey 1, sense surroundings 1, wild magic 1, strong
nose
a: Renounce Religion


You were on level 11 of the Dungeon.
You worshipped Xom.
You were Xom's teddy bear.
You visited 1 branch of the dungeon, and saw 11 of its levels.
You also visited: Sewer.

You collected 1659 gold pieces.

Inventory:

Hand Weapons
 a - a +0 mace of chaos
 f - the +9 hand axe "Kafa" (weapon) {flame, Will+ Int+4 Dex+2}
   (You found it on level 4 of the Dungeon)

   It has been specially enchanted to burn those struck by it, causing extra
   injury to most foes and up to half again as much damage against particularly
   susceptible opponents.
   Big, fiery blades are also staple armaments of hydra-hunters.
   It affects your intelligence (+4).
   It affects your dexterity (+2).
   It affects your willpower, your defense against some magical effects.
 l - a +1 dagger of electrocution
 J - a +2 dagger of distortion
 K - a +1 battleaxe of chaos
Armour
 p - a +0 cloak (worn)
 r - a +1 crystal plate armour (worn)
 M - the +5 chain mail of Atith {Will+}
   (You found it on level 9 of the Dungeon)

   It affects your willpower, your defense against some magical effects.
Jewellery
 j - an uncursed amulet of magic regeneration {unknown}
 t - a ring of see invisible (right hand)
 v - an uncursed amulet of magic regeneration {unknown}
 x - an amulet of reflection (around neck)
 B - an uncursed ring of resist corrosion {unknown}
 C - an uncursed amulet of guardian spirit {unknown}
Wands
 c - a wand of random effects (30)
 D - a wand of disintegration (24) (quivered)
 L - a wand of iceblast (10)
 N - a wand of acid (13)
Scrolls
 d - 6 scrolls of amnesia {unknown}
 g - 8 scrolls of teleportation {unknown}
 h - 16 scrolls of identify {unknown}
 i - 4 scrolls of remove curse
 o - 4 scrolls of noise
 q - a scroll of fog
 u - 4 scrolls of enchant weapon {unknown}
 y - 2 scrolls of immolation {unknown}
 z - 2 scrolls of fear {unknown}
 E - 2 scrolls of vulnerability {unknown}
Potions
 b - 2 potions of invisibility
 e - 3 potions of brilliance
 k - a potion of degeneration
 m - 3 potions of might {unknown}
 n - 3 potions of magic {unknown}
 s - a potion of mutation {unknown}
 w - 3 potions of haste {unknown}
 A - a potion of lignification
 H - 3 potions of attraction
 I - a potion of curing {unknown}


   Skills:
 + Level 9.0 Fighting
 + Level 6.0 Short Blades
 + Level 6.0 Long Blades
 + Level 6.0 Axes
 + Level 9.0 Maces & Flails
 + Level 6.0 Polearms
 + Level 6.0 Staves
 + Level 6.0 Slings
 + Level 6.0 Bows
 + Level 6.0 Crossbows
 + Level 6.0 Throwing
 + Level 7.6 Armour
 + Level 6.5 Dodging
 + Level 6.0 Stealth
 + Level 6.0 Shields
 + Level 6.0 Unarmed Combat
 + Level 6.0 Spellcasting
 + Level 4.9 Conjurations
 + Level 4.9 Hexes
 + Level 4.9 Summonings
 + Level 4.9 Necromancy
 + Level 4.9 Translocations
 + Level 4.9 Transmutations
 + Level 4.9 Fire Magic
 + Level 4.9 Ice Magic
 + Level 4.9 Air Magic
 + Level 4.9 Earth Magic
 + Level 4.9 Poison Magic
 + Level 6.5 Invocations
 + Level 6.0 Evocations


You had 13 spell levels left.
You knew the following spells:

 Your Spells              Type           Power        Failure   Level
a - Tornado               Air            14%          100%        9

Your spell library contained the following spells:

 Spells                   Type           Power        Failure   Level
 Magic Dart               Conj           100%         99%         1
 Sandblast                Erth           56%          99%         1
 Shock                    Conj/Air       100%         99%         1
 Blink                    Tloc           N/A          100%        2
 Call Imp                 Summ           28%          100%        2
 Passwall                 Tmut/Erth      23%          100%        2
 Slow                     Hex            28%          100%        2
 Swiftness                Air            28%          100%        2
 Conjure Flame            Conj/Fire      28%          100%        3
 Mephitic Cloud           Conj/Pois/Air  28%          100%        3
 Static Discharge         Conj/Air       28%          100%        3
 Stone Arrow              Conj/Erth      56%          100%        3
 Airstrike                Air            14%          100%        4
 Petrify                  Tmut/Erth      28%          100%        4
 Lee's Rapid Deconstruct  Erth           14%          100%        5
 Lightning Bolt           Conj/Air       14%          100%        5
 Ignition                 Fire           14%          100%        8
 Shatter                  Erth           14%          100%        9


Dungeon Overview and Level Annotations

Branches:
Dungeon (11/15)            Temple (0/1) D:4             Orc (0/2) D:10
  Sewer (visited)
   Lair: D:8-11

Altars:
Ashenzari
Gozag
Makhleb
Nemelex Xobeh
Okawaru
Qazlal
Trog
Uskayaw
Vehumet
Wu Jian
Xom
The Shining One

Annotations:
D:5 3 runed translucent doors, exclusion: statue, Gauvater's ghost, novice PaFi
D:10 2 transporters, sm0rk's ghost, novice DsGl


Innate Abilities, Weirdness & Mutations

Your experience applies equally to all skills.
You have extremely sharp teeth.
Your uncanny sense of smell can sniff out nearby items.
You have a pair of small antennae on your head.
You have large cloven feet.
You are partially covered in large bone plates. (SH +4)
You are agile. (Dex +2)
Scrolls take you longer to read.
You are dopey. (Int -2)
You passively map a small area around you.
Your spells are a little harder to cast, but a little more powerful.


Message History

Your Long Blades skill increases to level 6!
Your Axes skill increases to level 6!
Your Maces & Flails skill increases to level 9!
Your Polearms skill increases to level 6!
Your Staves skill increases to level 6!
Your Slings skill increases to level 6!
Your Bows skill increases to level 6!
Your Crossbows skill increases to level 6!
Your Throwing skill increases to level 6!
Your Stealth skill increases to level 6!
Your Shields skill increases to level 6!
Your Unarmed Combat skill increases to level 6!
Your Spellcasting skill increases to level 6!
Your Evocations skill increases to level 6!
It was a potion of ambrosia.
You are confused.
You feel invigorated.
The leopard gecko hisses menacingly.
The death yak gores you!!
You die...
Xom roars with laughter!

, , * #. #.......#
* * ** #.
#.......# * .,
#.......# , #.#
#.......# *.
#.......# ###.
###.......# ∩ ...
#.........#
##.####.........#
*
##.W##@...#......#
#.†OoY.#.###.#####
.##.#..l####.# *.#
,,.......)# ..# .#
.....##.Y#.### .#
##.. ##Y#∆ ∆ * ##
* Y# * WO , ... ,


You could see a death yak, a two-headed ogre, an orc priest and a leopard gecko.

Vanquished Creatures
  2 death yaks (D:11)
  Psyche (D:8)
  A komodo dragon (D:10)
  A spriggan (D:8)
  Sigmund (D:3)
  3 yaks (D:11)
  Grum (D:9)
  The ghost of Destapler the Caller, an amateur MfSu (D:3)
  A water moccasin (D:8)
  5 orc warriors
  3 ice beasts
  A sky beast (D:10)
  Purgy (Sewer)
  2 black bears (D:9)
  A phantom (D:9)
  2 necrophages (D:9)
  3 wolves (D:9)
  4 centaurs
  4 bullfrogs
  A gnoll sergeant (D:9)
  14 killer bees
  3 scorpions
  A bullfrog zombie (D:3)
  3 hounds
  4 jellies
  3 bullfrog skeletons
  5 iguanas
  5 orc priests
  6 orc wizards
  6 worker ants
  A hound zombie (D:8)
  2 hound skeletons (D:6)
  A howler monkey zombie (D:4)
  Robin (D:2)
  8 gnolls
  8 adders
  2 white imps
  4 ufetubi
  An adder skeleton (D:10)
  2 adder zombies
  2 worms
  2 dart slugs (D:1)
  6 leopard geckos
  35 orcs
  12 bats
  2 giant cockroaches
  17 goblins
  8 hobgoblins
  13 jackals
  A quokka (D:7)
  5 ball pythons
  4 frilled lizards
  A jackal skeleton (D:3)
  5 kobolds
  A quokka skeleton (D:3)
  7 rats
240 creatures vanquished.

Vanquished Creatures (others)
  2 yaks (D:11)
  An orc (D:11)
3 creatures vanquished.

Grand Total: 243 creatures vanquished

Notes
Turn   | Place    | Note
-------+----------+-------------------------------------------
     0 | D:1      | Hatywr the Gnoll Chaos Knight began the quest for the Orb.
     0 | D:1      | Reached XP level 1. HP: 23/23 MP: 1/1
   176 | D:1      | Reached XP level 2. HP: 26/29 MP: 2/2
   629 | D:1      | Reached XP level 3. HP: 35/35 MP: 3/3
   725 | D:2      | XOM: noise
   737 | D:2      | Noticed Robin
   761 | D:2      | Reached skill level 1 in Invocations
   765 | D:2      | Killed Robin
   768 | D:2      | Reached skill level 1 in Short Blades
   768 | D:2      | Reached skill level 1 in Long Blades
   768 | D:2      | Reached skill level 1 in Axes
   768 | D:2      | Reached skill level 1 in Polearms
   768 | D:2      | Reached skill level 1 in Staves
   768 | D:2      | Reached skill level 1 in Slings
   768 | D:2      | Reached skill level 1 in Bows
   768 | D:2      | Reached skill level 1 in Crossbows
   768 | D:2      | Reached skill level 1 in Throwing
   768 | D:2      | Reached skill level 1 in Stealth
   768 | D:2      | Reached skill level 1 in Shields
   768 | D:2      | Reached skill level 1 in Unarmed Combat
   768 | D:2      | Reached skill level 1 in Spellcasting
   768 | D:2      | Reached skill level 1 in Evocations
   858 | D:2      | XOM: silly message
  1037 | D:2      | Reached XP level 4. HP: 41/41 MP: 5/5
  1085 | D:2      | XOM: silly message
  1155 | D:2      | XOM: fake destruction
  1411 | D:2      | Reached skill level 1 in Conjurations
  1411 | D:2      | Reached skill level 1 in Hexes
  1411 | D:2      | Reached skill level 1 in Summonings
  1411 | D:2      | Reached skill level 1 in Necromancy
  1411 | D:2      | Reached skill level 1 in Translocations
  1411 | D:2      | Reached skill level 1 in Transmutations
  1411 | D:2      | Reached skill level 1 in Fire Magic
  1411 | D:2      | Reached skill level 1 in Ice Magic
  1411 | D:2      | Reached skill level 1 in Air Magic
  1411 | D:2      | Reached skill level 1 in Earth Magic
  1411 | D:2      | Reached skill level 1 in Poison Magic
  1452 | D:2      | XOM: god gift: 998 gold pieces
  1635 | D:2      | XOM: divination: detect creatures
  1677 | D:3      | Found an iron altar of Okawaru.
  1715 | D:3      | Noticed Sigmund
  1717 | D:3      | XOM: potion effect (berserk rage)
  1720 | D:3      | XOM: cast spell 'Leda's Liquefaction'
  1723 | D:3      | Killed Sigmund
  1724 | D:3      | Reached XP level 5. HP: 47/47 MP: 5/7
  1724 | D:3      | Reached XP level 6. HP: 53/53 MP: 5/8
  1788 | D:3      | Found a runed translucent gate.
  1788 | D:3      | Found a runed translucent gate.
  1788 | D:3      | Found a runed translucent gate.
  1788 | D:3      | XOM: 10-stop teleportation journey
  1808 | D:3      | XOM: noise
  1912 | D:3      | Found a stormy altar of Qazlal.
  1997 | D:3      | Found a burning altar of Makhleb.
  2038 | D:3      | Noticed Destapler's ghost (amateur MfSu)
  2068 | D:3      | Found a glowing golden altar of the Shining One.
  2225 | D:3      | XOM: silly message
  2294 | D:4      | Got a shimmering hand axe
  2295 | D:4      | Identified the +9 hand axe "Kafa" {flame, Will+ Int+4
                  | Dex+2} (You found it on level 4 of the Dungeon)
  2303 | D:4      | Found a sparkling altar of Nemelex Xobeh.
  2303 | D:4      | XOM: 7-stop teleportation journey
  2370 | D:4      | Reached skill level 5 in Armour
  2464 | D:4      | XOM: silly message
  2543 | D:4      | Found a staircase to the Ecumenical Temple.
  2926 | D:5      | Entered Level 5 of the Dungeon
  2926 | D:5      | Found a runed translucent gate.
  2926 | D:5      | Found a runed translucent gate.
  2930 | D:5      | Noticed Gauvater's ghost (novice PaFi)
  2931 | D:5      | Found a runed translucent gate.
  2966 | D:5      | Found a broken altar of Ashenzari.
  2967 | D:5      | Found an ornate altar of the Wu Jian Council.
  2968 | D:5      | Found an opulent altar of Gozag.
  3039 | D:5      | XOM: summons 4 hostile demons
  3217 | D:5      | Reached XP level 7. HP: 56/59 MP: 10/10
  3390 | D:5      | Found a glowing drain.
  3406 | Sewer    | Entered a sewer
  3429 | Sewer    | Noticed Purgy
  3432 | Sewer    | XOM: give mutation
  3432 | Sewer    | Gained mutation: You do not regenerate when monsters are
                  | visible. [Xom's mischief]
  3434 | Sewer    | XOM: stat loss: -1 Int (17/18)
  3441 | Sewer    | Killed Purgy
  3539 | D:5      | Found a radiant altar of Vehumet.
  3567 | D:5      | XOM: give mutations
  3567 | D:5      | Gained mutation: Scrolls take you a little longer to read.
                  | [Xom's mischief]
  3567 | D:5      | Gained mutation: You are dopey. (Int -2) [Xom's mischief]
  3567 | D:5      | Gained mutation: Scrolls take you longer to read. [Xom's
                  | mischief]
  3567 | D:5      | Lost mutation: You do not regenerate when monsters are
                  | visible. [Xom's mischief]
  3674 | D:3      | Killed Destapler's ghost
  3801 | D:6      | XOM: summons 3 hostile shadow creatures
  3907 | D:6      | Reached XP level 8. HP: 58/67 MP: 12/12
  3997 | D:6      | XOM: summons 2 hostile demons
  4053 | D:6      | XOM: 1-stop teleportation journey
  4147 | D:6      | Found a hide-covered altar of Uskayaw.
  4343 | D:6      | XOM: blink monster(s)
  4347 | D:6      | XOM: noise
  4352 | D:6      | XOM: stat loss: -1 Dex (15/16)
  4670 | D:7      | XOM: 1-stop teleportation journey
  4689 | D:8      | XOM: enchant monster (good)
  4775 | D:8      | XOM: 2-stop teleportation journey
  5201 | D:7      | XOM: summons friendly shadow imp
  5205 | D:7      | XOM: fog
  5212 | D:7      | Reached XP level 9. HP: 55/72 MP: 14/14
  5213 | D:7      | XOM: confuse monster(s)
  5739 | D:6      | XOM: god gift: scale mail {god gift}
  5776 | D:6      | Learned a level 9 spell: Tornado
  5870 | D:8      | Noticed Psyche
  5871 | D:8      | XOM: divination: magic mapping
  5887 | D:8      | Killed Psyche
  5888 | D:8      | Reached skill level 5 in Dodging
  6199 | D:8      | XOM: smoke on damage
  6435 | D:9      | XOM: blink monster(s)
  6438 | D:9      | Reached skill level 5 in Invocations
  6521 | D:9      | Found a shimmering altar of Xom.
  6525 | D:9      | XOM: god gift: runed battleaxe {god gift}
  6651 | D:9      | XOM: scenery: create altars
  6652 | D:9      | Noticed Grum
  6665 | D:9      | Reached XP level 10. HP: 67/80 MP: 17/17
  6675 | D:9      | Killed Grum
  6916 | D:9      | XOM: god gift: 41 gold pieces
  6946 | D:9      | Reached skill level 5 in Short Blades
  6946 | D:9      | Reached skill level 5 in Long Blades
  6946 | D:9      | Reached skill level 5 in Axes
  6946 | D:9      | Reached skill level 5 in Polearms
  6946 | D:9      | Reached skill level 5 in Staves
  6946 | D:9      | Reached skill level 5 in Slings
  6946 | D:9      | Reached skill level 5 in Bows
  6946 | D:9      | Reached skill level 5 in Crossbows
  6946 | D:9      | Reached skill level 5 in Throwing
  6946 | D:9      | Reached skill level 5 in Stealth
  6946 | D:9      | Reached skill level 5 in Shields
  6946 | D:9      | Reached skill level 5 in Unarmed Combat
  6946 | D:9      | Reached skill level 5 in Spellcasting
  6946 | D:9      | Reached skill level 5 in Evocations
  6952 | D:9      | Found a bloodstained altar of Trog.
  7193 | D:9      | Got a diamond-studded chain mail
  7204 | D:9      | Identified the +5 chain mail of Atith {Will+} (You found it
                  | on level 9 of the Dungeon)
  7206 | D:9      | XOM: cloud trail
  7422 | D:9      | XOM: summons friendly crimson imp
  7662 | D:9      | XOM: scenery: create altars
  7706 | D:9      | XOM: cloud trail
  7823 | D:10     | Entered Level 10 of the Dungeon
  8002 | D:10     | Noticed a cyclops
  8006 | D:10     | Found a transporter.
  8008 | D:10     | Found a transporter.
  8008 | D:10     | Noticed sm0rk's ghost (novice DsGl)
  8009 | D:10     | Noticed a red ugly thing
  8035 | D:10     | XOM: cloud trail
  8043 | D:10     | XOM: scenery: 2 doors open
  8153 | D:10     | XOM: 1-stop teleportation journey
  8198 | D:10     | XOM: god gift: 35 gold pieces
  8217 | D:10     | Found a staircase to the Orcish Mines.
  8224 | D:10     | XOM: cast spell 'Disjunction'
  8541 | D:10     | XOM: fog
  9001 | D:10     | XOM: give mutations
  9001 | D:10     | Gained mutation: You have large cloven feet. [Xom's grace]
  9001 | D:10     | Gained mutation: You are partially covered in large bone
                  | plates. (SH +4) [Xom's grace]
  9001 | D:10     | Gained mutation: Your spells are a little harder to cast,
                  | but a little more powerful. [Xom's grace]
  9001 | D:10     | Gained mutation: You are agile. (Dex +2) [Xom's grace]
  9215 | D:11     | Noticed a death yak
  9215 | D:11     | Noticed a death yak
  9215 | D:11     | Noticed a death yak
  9222 | D:11     | Noticed a two-headed ogre
  9252 | D:11     | Killed a death yak
  9253 | D:11     | Reached XP level 11. HP: 40/87 MP: 19/19
  9253 | D:11     | XOM: destruction
  9261 | D:11     | HP: 4/87 [death yak (12)]
  9264 | D:11     | Killed a death yak
  9264 | D:11     | XOM: give mutations
  9264 | D:11     | Gained mutation: You have extremely sharp teeth. [Xom's
                  | grace]
  9264 | D:11     | Gained mutation: You have a pair of small antennae on your
                  | head. [Xom's grace]
  9264 | D:11     | Gained mutation: You passively map a small area around you.
                  | [Xom's grace]
  9265 | D:11     | Mangled by a death yak

Illustrated notes

Levels and vault maps discovered:
D:1:      heliophobic_arrival_ceremonial_halls, layout_basic,
          minmay_misc_feat_nine_boxes, serial_bayou_pond_e
D:2:      layout_loops_ring, uniq_robin
D:3:      layout_basic, overflow_temple_1_default,
          nicolae_overflow_crystal_walls, okawaru_metal_pillars_1_2,
          gammafunk_ghost_necromancy, chequers_arboretum, bloody_makhleb,
          uniq_sigmund
D:4:      layout_loops_cross, nemelex_xobeh_ov_fountains_minmay,
          minmay_temple_entry_grid, grunt_decor_cap, minivault_5
D:5:      layout_rooms, grunt_temple_overflow_open, vehumet_statue,
          gammafunk_ghost_split, portal_sewer_entry_b
D:6:      layout_rooms, eat_drink_and_be_merry_uskayaw
D:7:      layout_rooms, kennysheep_another_room
D:8:      layout_basic, the_bakery, uniq_psyche
D:9:      layout_loops_ring, trog_ov_bears_minmay, tgw_xom, uniq_grum
D:10:     layout_irregular_city, david_orc_2, nzn_ghost_randoct,
          minmay_crystal_room
D:11:     layout_rooms, dpeg_lair_monsters, portal_ice_cave_entry_pillars_1

Skill      XL: |  1  2  3  4  5  6  7  8  9 10 11 |
---------------+----------------------------------+-----
Invocations    | 1 2 3 4 5 6 |  6.5
Short Blades   | 1 2 3 4 5 6 |  6.0
Long Blades    | 1 2 3 4 5 6 |  6.0
Axes           | 1 2 3 4 5 6 |  6.0
Polearms       | 1 2 3 4 5 6 |  6.0
Staves         | 1 2 3 4 5 6 |  6.0
Slings         | 1 2 3 4 5 6 |  6.0
Bows           | 1 2 3 4 5 6 |  6.0
Crossbows      | 1 2 3 4 5 6 |  6.0
Throwing       | 1 2 3 4 5 6 |  6.0
Stealth        | 1 2 3 4 5 6 |  6.0
Shields        | 1 2 3 4 5 6 |  6.0
Unarmed Combat | 1 2 3 4 5 6 |  6.0
Spellcasting   | 1 2 3 4 5 6 |  6.0
Evocations     | 1 2 3 4 5 6 |  6.0
Conjurations   | 1 2 3 4 |  4.9
Hexes          | 1 2 3 4 |  4.9
Summonings     | 1 2 3 4 |  4.9
Necromancy     | 1 2 3 4 |  4.9
Translocations | 1 2 3 4 |  4.9
Transmutations | 1 2 3 4 |  4.9
Fire Magic     | 1 2 3 4 |  4.9
Ice Magic      | 1 2 3 4 |  4.9
Air Magic      | 1 2 3 4 |  4.9
Earth Magic    | 1 2 3 4 |  4.9
Poison Magic   | 1 2 3 4 |  4.9
Dodging        | 3 4 5 6 |  6.5
Armour         | 5 6 7 |  7.6
Fighting       | 7 8 9 |  9.0
Maces & Flails | 7 8 9 |  9.0

Action                   |  1- 3 |  4- 6 |  7- 9 | 10-12 || total
-------------------------+-------+-------+-------+-------++-------
Melee: Mace              |    30 |       |       |       ||    30
       Bite              |     9 |    13 |    27 |    24 ||    73
       Dagger            |    53 |    75 |       |       ||   128
       Punch             |       |     2 |     6 |     2 ||    10
       Hand axe          |       |    44 |   270 |   204 ||   518
       Kick              |       |       |       |    17 ||    17
Evoke: Wand              |       |       |       |     3 ||     3
  Use: Potion            |     1 |       |     6 |     5 ||    12
       Scroll            |       |       |     4 |       ||     4
 Stab: Invisible         |       |       |     1 |       ||     1
       Confused          |       |       |     1 |       ||     1
Armor: Leather armour    |     9 |       |       |       ||     9
       Ring mail         |    23 |    15 |       |       ||    38
       Chain mail        |       |    27 |       |    15 ||    42
       Crystal plate arm |       |    69 |   328 |   128 ||   525
       Skin              |       |       |    21 |       ||    21
Dodge: Dodged            |    53 |    41 |    54 |    46 ||   194
Block: Other             |       |       |    70 |    59 ||   129
       Reflection        |       |       |     2 |     1 ||     3
